 Dungeon Crawl Stone Soup version 0.23.2-1-ga50397a6bc (webtiles) character file.

Game seed: 15783650584254308835

11699 zilodarpe23 the Blocker (level 11, 0/97 HPs)
             Began as a Minotaur Berserker on Apr 24, 2019.
             Was a High Priest of Trog.
             Killed by divine providence
             ... invoked by a meliai
              (12 damage)
             ... on level 12 of the Dungeon on Apr 25, 2019.
             The game lasted 00:44:05 (9013 turns).

zilodarpe23 the Blocker (Minotaur Berserker)        Turns: 9013, Time: 00:44:06

Health: 0/97       AC: 20    Str: 25    XL:     11   Next: 52%
Magic:  10/10      EV:  6    Int:  4    God:    Trog [*****.]
Gold:   646        SH: 19    Dex: 10    Spells: 10/10 levels left

rFire    . . .     SeeInvis .   J - +1 war axe (chop)
rCold    . . .     Gourm    .   p - +0 large shield
rNeg     + . .     Faith    .   K - +0 plate armour
rPois    .         Spirit   .   (helmet restricted)
rElec    .         Reflect  .   d - +1 cloak
rCorr    .         Harm     .   x - +2 pair of gloves
MR       +....                  r - +0 pair of boots
Stlth    ..........             (no amulet)
HPRegen  0.26/turn              D - ring of protection from magic
MPRegen  0.12/turn              F - ring of positive energy

@: no status effects
A: retaliatory headbutt, horns 2
a: Berserk, Trog's Hand, Brothers in Arms, Renounce Religion


You were on level 12 of the Dungeon.
You worshipped Trog.
Trog was extremely pleased with you.
You were not hungry.

You visited 1 branch of the dungeon, and saw 12 of its levels.

You collected 646 gold pieces.

Inventory:

Hand Weapons
 a - a +1 mace
 f - a +1 war axe of freezing
 J - a +1 war axe of chopping (weapon)
 P - a +1 mace of protection
 V - a +3 dagger
Armour
 b - a +0 animal skin
 d - a +1 cloak (worn)
 l - the +1 ring mail "Yjorch" {rF+ Str+3}
   (You found it on level 8 of the Dungeon)

   It affects your strength (+3).
   It protects you from fire.
 p - a +0 large shield (worn)
 r - a +0 pair of boots (worn)
 s - a +2 helmet
 x - a +2 pair of gloves (worn)
 K - a +0 plate armour (worn)
 T - a +0 troll leather armour
Magical Staves
 C - an uncursed staff of wizardry
 I - an uncursed staff of air
Jewellery
 D - a ring of protection from magic (left hand)
 F - a ring of positive energy (right hand)
Wands
 w - a wand of acid (11)
 G - a wand of paralysis (15)
 L - a wand of flame (34)
 N - a wand of enslavement (9)
 R - a wand of iceblast (24)
Scrolls
 i - 4 scrolls of teleportation
 j - 2 scrolls of amnesia {unknown}
 q - 4 scrolls of fear
 t - 12 scrolls of remove curse
 y - a scroll of acquirement {unknown}
 A - a scroll of summoning {unknown}
 B - 6 scrolls of magic mapping
 E - a scroll of vulnerability {unknown}
 H - a scroll of enchant armour {unknown}
 O - a scroll of blinking {unknown}
 X - 2 scrolls of identify
 Y - 2 scrolls of immolation {unknown}
Potions
 e - a potion of curing {unknown}
 h - 2 potions of invisibility {unknown}
 k - 3 potions of brilliance {unknown}
 m - 3 potions of haste {unknown}
 n - a potion of might {unknown}
 o - 2 potions of mutation {unknown}
 u - 7 potions of heal wounds {unknown}
 z - 3 potions of agility {unknown}
 M - a potion of berserk rage {unknown}
 Q - a potion of lignification {unknown}
 S - 2 potions of resistance {unknown}
 Z - a potion of magic {unknown}
Comestibles
 c - 12 rations


   Skills:
 + Level 9.1 Fighting
 + Level 10.4(12.0) Axes
 + Level 10.0(11.8) Maces & Flails
 + Level 7.9 Armour
 + Level 4.3 Dodging
 + Level 0.6 Stealth
 + Level 11.9 Shields


You had 10 spell levels left.
You didn't know any spells.
Your spell library contained the following spells:

 Spells                   Type           Power        Failure   Level  Hunger
 Beastly Appendage        Tmut           #.....       100%        1    ##.....
 Sticks to Snakes         Tmut           #.......     100%        2    ###....
 Spider Form              Tmut/Pois      #.........   100%        3    ####...
 Ice Form                 Ice/Tmut       #.......     100%        4    #####..
 Blade Hands              Tmut           #.........   100%        5    ######.


Dungeon Overview and Level Annotations

Branches:
Dungeon (12/15)            Temple (0/1) D:5            Lair (0/6) D:9
    Orc (0/2) D:9

Altars:
Ashenzari
Cheibriados
Elyvilon
Fedhas
Gozag
Kikubaaqudgha
Makhleb
Okawaru
Qazlal
Ru
Uskayaw
Vehumet
Zin

Shops:
D:3 *   D:9 =   D:10 [   D:12 *


Innate Abilities, Weirdness & Mutations

You reflexively headbutt those who attack you in melee.
You have a pair of horns on your head.


Message History

Trog accepts your kill.
As you read the scroll of teleportation, it crumbles to dust.
You feel strangely unstable. You block the meliai's attack.
The meliai stings you but does no damage.
You block the meliai's attack. x2
You closely miss the meliai.
You headbutt the meliai, but do no damage.
The meliai invokes the aid of its god against you.
Something smites you!
* * * LOW HITPOINT WARNING * * *
You block the meliai's attack.
The meliai stings you but does no damage.
You block the meliai's attack. The meliai barely misses you.
You block the meliai's attack. x2
Your surroundings suddenly seem different.
All of the chunks of flesh in your inventory have rotted away.
There is a stone staircase leading down here.
The meliai invokes the aid of its god against you.
Something smites you!
You die...

#............#### ##(..###
####'######...######.)....###
##.# ##........y.###...# ##..#
##........######.### #..##
####...))...>.....# ##†########
#..............# .}........###
#..............###
............#
#..............#..
..........#.#
#@...............#
......(...#.##
#..............###
###########..###..............#
##..................#
#####..............#
################


You could see a meliai.

Vanquished Creatures
  A hydra (D:11)
  A two-headed ogre (D:9)
  A cyclops (D:12)
  A manticore (D:11)
  2 ugly things
  Joseph (D:7)
  A gargoyle (D:11)
  2 trolls
  A meliai (D:12)
  Prince Ribbit (D:5)
  5 hippogriffs
  A spriggan (D:10)
  2 wyverns (D:9)
  6 yaks (D:11)
  4 wraiths
  2 hungry ghosts
  A soldier ant (D:10)
  3 orc warriors
  A black bear (D:7)
  A phantom (D:9)
  A sky beast (D:9)
  6 ogres
  A necrophage (D:10)
  4 centaurs
  A big kobold (D:12)
  3 elf zombies (D:10)
  2 bullfrogs
  A wyvern skeleton (D:12)
  A water moccasin skeleton (D:7)
  7 killer bees (D:12)
  4 howler monkeys
  5 crimson imps
  4 jellies
  5 hounds
  A bullfrog zombie (D:10)
  5 human zombies (D:10)
  2 centaur skeletons
  2 orc priests
  2 bullfrog skeletons
  3 iron imps (D:5)
  3 orc wizards
  Natasha (thrice) (D:2)
  6 worker ants
  A hound zombie (D:6)
  A hound skeleton (D:10)
  A mummy (D:10)
  Robin (D:2)
  8 gnolls
  13 adders
  2 shadow imps
  An adder zombie (D:6)
  An ooze (D:6)
  2 worms
  9 leopard geckos
  47 orcs
  13 giant cockroaches
  9 goblins
  9 hobgoblins
  2 jackals (D:6)
  10 kobolds
  6 quokkas
  6 bats
  4 frilled lizards
  A giant cockroach zombie (D:6)
  A jackal zombie (D:5)
  A quokka skeleton (D:4)
  A rat (D:1)
260 creatures vanquished.

Vanquished Creatures (others)
  An unseen horror (D:10)
1 creature vanquished.

Grand Total: 261 creatures vanquished

Notes
Turn   | Place    | Note
-------+----------+-------------------------------------------
     0 | D:1      | zilodarpe23 the Minotaur Berserker began the quest for the
                  | Orb.
     0 | D:1      | Reached XP level 1. HP: 19/19 MP: 0/0
    86 | D:1      | Reached XP level 2. HP: 13/27 MP: 1/1
   415 | D:1      | You fall through a shaft!
   426 | D:2      | Reached XP level 3. HP: 23/33 MP: 2/2
   726 | D:2      | Noticed Natasha
   729 | D:2      | Killed Natasha
   729 | D:2      | Reached XP level 4. HP: 22/41 MP: 3/3
   981 | D:2      | Noticed Natasha
   988 | D:2      | Killed Natasha
   988 | D:2      | Reached ** piety under Trog
  1159 | D:2      | Noticed Natasha
  1167 | D:2      | Killed Natasha
  1167 | D:2      | Reached skill level 5 in Maces & Flails
  1350 | D:2      | Reached XP level 5. HP: 47/47 MP: 4/4
  1367 | D:2      | Noticed Robin
  1382 | D:2      | Killed Robin
  1580 | D:3      | Found Zin's Purification Station.
  1605 | D:3      | Found a glowing silver altar of Zin.
  1776 | D:3      | Found a shattered altar of Ashenzari.
  1863 | D:3      | Reached skill level 1 in Shields
  1922 | D:3      | Found a faded altar of an unknown god.
  2151 | D:3      | Found an ancient bone altar of Kikubaaqudgha.
  2236 | D:4      | Found a white marble altar of Elyvilon.
  2340 | D:4      | Reached *** piety under Trog
  2401 | D:4      | Reached XP level 6. HP: 55/55 MP: 5/5
  2551 | D:4      | Found a radiant altar of Vehumet.
  2574 | D:4      | Reached skill level 2 in Shields
  2860 | D:5      | Entered Level 5 of the Dungeon
  2941 | D:5      | Found a blossoming altar of Fedhas.
  2965 | D:5      | Reached skill level 5 in Fighting
  3041 | D:5      | Reached XP level 7. HP: 61/61 MP: 6/6
  3043 | D:5      | Reached skill level 3 in Shields
  3108 | D:5      | Noticed Prince Ribbit
  3114 | D:5      | Reached skill level 4 in Shields
  3156 | D:5      | Killed Prince Ribbit
  3156 | D:5      | Reached skill level 5 in Armour
  3156 | D:5      | Reached skill level 5 in Shields
  3156 | D:5      | Reached XP level 8. HP: 43/70 MP: 7/7
  3460 | D:5      | Found a staircase to the Ecumenical Temple.
  3695 | D:5      | Found a burning altar of Makhleb.
  3793 | D:6      | Reached skill level 6 in Shields
  3800 | D:6      | Found a white marble altar of Elyvilon.
  3972 | D:6      | Reached **** piety under Trog
  4354 | D:6      | Found a stormy altar of Qazlal.
  4593 | D:7      | Reached skill level 7 in Shields
  4617 | D:7      | Noticed Joseph
  4660 | D:7      | Reached XP level 9. HP: 56/77 MP: 8/8
  4733 | D:7      | Killed Joseph
  4733 | D:7      | Reached skill level 8 in Shields
  4893 | D:7      | Found an iron altar of Okawaru.
  5307 | D:8      | Reached skill level 9 in Shields
  5348 | D:8      | Reached skill level 1 in Axes
  5351 | D:8      | Got a twisted ring mail
  5362 | D:8      | Identified the +1 ring mail "Yjorch" {rF+ Str+3} (You found
                  | it on level 8 of the Dungeon)
  5925 | D:9      | Noticed a two-headed ogre
  5929 | D:9      | Killed a two-headed ogre
  5930 | D:9      | Found Tuyf's Jewellery Emporium.
  5964 | D:9      | Reached skill level 5 in Axes
  5964 | D:9      | Reached XP level 10. HP: 84/86 MP: 9/9
  6000 | D:9      | Reached skill level 10 in Shields
  6101 | D:9      | Found a staircase to the Orcish Mines.
  6160 | D:9      | Found an iron altar of Okawaru.
  6467 | D:9      | Found a staircase to the Lair.
  6510 | D:9      | Found a sacrificial altar of Ru.
  6510 | D:9      | Found a hide-covered altar of Uskayaw.
  6515 | D:9      | Found an opulent altar of Gozag.
  6517 | D:9      | Found a snail-covered altar of Cheibriados.
  6518 | D:9      | Found a blossoming altar of Fedhas.
  6730 | D:10     | Entered Level 10 of the Dungeon
  6737 | D:10     | Found Poemin's Armour Emporium.
  7028 | D:10     | Reached ***** piety under Trog
  7120 | D:10     | Reached skill level 10 in Maces & Flails
  7142 | D:10     | Found an ancient bone altar of Kikubaaqudgha.
  7312 | D:10     | Killed an unseen horror
  7312 | D:10     | Reached skill level 11 in Shields
  7611 | D:11     | Reached XP level 11. HP: 75/95 MP: 10/10
  7731 | D:11     | Noticed a purple ugly thing
  7742 | D:11     | Killed a purple ugly thing
  8005 | D:11     | Received a gift from Trog
  8070 | D:11     | Found a frozen archway.
  8128 | D:11     | Noticed a seven-headed hydra
  8140 | D:11     | Killed a 12-headed hydra
  8646 | D:12     | Found Socw's General Store.
  8692 | D:12     | Reached skill level 10 in Axes
  8816 | D:12     | Noticed a cyan ugly thing
  8825 | D:12     | Killed a cyan ugly thing
  8891 | D:12     | Noticed a death knight
  9013 | D:12     | Killed from afar by a meliai

Skill      XL: |  1  2  3  4  5  6  7  8  9 10 11 |
---------------+----------------------------------+-----
Maces & Flails | 4 5 6 7 9 10 | 10.0
Fighting       | 4 5 6 7 8 9 |  9.1
Armour         | 3 4 5 6 7 |  7.9
Dodging        | 3 4 |  4.3
Shields        | 1 2 5 7 9 11 | 11.9
Axes           | 5 8 10 | 10.4
Stealth        | |  0.6

Action                   |  1- 3 |  4- 6 |  7- 9 | 10-12 || total
-------------------------+-------+-------+-------+-------++-------
Melee: Mace              |    60 |   200 |   244 |    60 ||   564
       Headbutt          |    12 |    30 |    56 |    72 ||   170
       War axe           |       |       |    75 |   306 ||   381
Invok: Berserk           |     2 |     1 |     2 |     4 ||     9
       Trog's Hand       |       |       |     2 |       ||     2
  Use: Scroll            |     4 |     1 |     7 |     3 ||    15
  Eat: Chunk             |     1 |     3 |     7 |     9 ||    20
       Ration            |       |     2 |     3 |     1 ||     6
Armor: Animal skin       |    17 |       |       |       ||    17
       Ring mail         |       |    22 |    10 |     3 ||    35
       Plate armour      |       |    91 |   151 |   139 ||   381
Dodge: Dodged            |    57 |    33 |    60 |    49 ||   199
Block: Large shield      |       |   152 |   372 |   330 ||   854
